 Dungeon Crawl Stone Soup version 0.20.1-1-g8b1a95d (webtiles) character file.

472 vineage the Slasher (level 6, -3/53 HPs)
             Began as a Minotaur Fighter on Nov 14, 2017.
             Killed by divine providence
             ... invoked by an orc priest
              (14 damage)
             ... on level 4 of the Dungeon.
             The game lasted 00:04:10 (3328 turns).

vineage the Slasher (Minotaur Fighter)              Turns: 3328, Time: 00:04:11

Health: -3/53      AC:  7    Str: 23    XL:     6   Next: 83%
Magic:  5/5        EV:  9    Int: 10    God:
Gold:   222        SH: 10    Dex:  9    Spells: 5/5 levels left

rFire    . . .     SeeInvis .   a - +1 long sword
rCold    . . .     Gourm    .   c - +0 shield
rNeg     . . .     Faith    .   b - +0 scale mail
rPois    .         Spirit   .   (helmet restricted)
rElec    .         Reflect  .   (no cloak)
rCorr    .         Harm     .   (no gloves)
MR       .....                  (no boots)
Stlth    ..........             (no amulet)
Regen    0.2/turn               (no ring)
MPRegen  0.1/turn               (no ring)

@: brilliant
A: retaliatory headbutt, horns 2, repulsion field 1
a: no special abilities


You were on level 4 of the Dungeon.
You were very hungry.

You visited 2 branches of the dungeon, and saw 5 of its levels.

You collected 222 gold pieces.

Inventory:

Hand Weapons
 a - a +1 long sword (weapon)
Armour
 b - a +0 scale mail (worn)
 c - a +0 shield (worn)
Jewellery
 l - an uncursed ring of protection from fire {unknown}
 p - an uncursed ring of wizardry {unknown}
Scrolls
 e - a scroll of teleportation
 i - a scroll of magic mapping
Comestibles
 f - 2 bread rations
 g - 3 royal jellies
 m - 2 meat rations


   Skills:
 + Level 4.6 Fighting
 + Level 6.5 Long Blades
 + Level 5.2 Armour
 + Level 5.1 Shields


You had 5 spell levels left.
You didn't know any spells.

Dungeon Overview and Level Annotations

Branches:
Dungeon (4/15)             Temple (1/1) D:4

Altars:
Ashenzari
Cheibriados
Elyvilon
Fedhas
Gozag
Hepliaklqana
Kikubaaqudgha
Makhleb
Nemelex Xobeh
Qazlal
Sif Muna
Trog
Uskayaw
Vehumet
Xom
Yredelemnul
Zin


Innate Abilities, Weirdness & Mutations

You reflexively headbutt those who attack you in melee.
You have a pair of horns on your head.
You are surrounded by a mild repulsion field. (EV +2)


Message History

The orc wizard barely misses you. You furiously retaliate!
You headbutt the orc wizard.
You riposte.
You closely miss the orc wizard.
The orc wizard is moderately wounded.
It was a potion of heal wounds.
You feel much better.
The orc wizard hits you but does no damage.
The orc hits you with a mace.
The orc priest mumbles some strange prayers to Beogh against you.
Beogh smites you!
* * * LOW HITPOINT WARNING * * *
The orc wizard hits you but does no damage.
You closely miss the orc wizard.
The orc wizard is moderately wounded.
The orc wizard hits you but does no damage.
The orc priest begins to cast a cantrip, but forgets the words!
You block the orc's attack. You block the orc wizard's attack.
You hit the orc wizard but do no damage.
The orc wizard is moderately wounded.
The orc priest invokes the aid of Beogh against you.
Beogh smites you!
You die...

###.##.##.##.#####.#
## #...#.##.##.# #.#
.#....#.##.#####.####
#...#..#.##.##........
##.##...............##
#.##..#.##...........
#
#.##.##.######.....##
###.h##o##o# .
.........#
....hhooho@#
############
###..####### #


You could see 2 orc priests, an orc wizard, 2 orcs and 4 jackals.

Vanquished Creatures
  An ice beast (D:4)
  2 orc priests (D:3)
  2 orc wizards (D:3)
  A bullfrog skeleton (D:4)
  Natasha (thrice) (D:2)
  4 adders
  3 gnolls (D:2)
  3 worms (D:2)
  2 dart slugs
  3 leopard geckos
  14 orcs (D:3)
  6 bats
  A giant cockroach (D:3)
  13 goblins
  8 hobgoblins
  A ball python (D:3)
  5 frilled lizards
  4 kobolds
  4 rats
80 creatures vanquished.

Notes
Turn   | Place    | Note
-------+----------+-------------------------------------------
     0 | D:1      | vineage the Minotaur Fighter began the quest for the Orb.
     0 | D:1      | Reached XP level 1. HP: 19/19 MP: 0/0
    97 | D:1      | Reached skill level 3 in Long Blades
   113 | D:1      | Reached XP level 2. HP: 9/26 MP: 1/1
   886 | D:2      | Noticed Natasha
   889 | D:2      | Killed Natasha
   889 | D:2      | Reached skill level 4 in Long Blades
   889 | D:2      | Reached XP level 3. HP: 19/33 MP: 2/2
   990 | D:2      | Noticed Natasha
  1001 | D:2      | Killed Natasha
  1001 | D:2      | Reached XP level 4. HP: 4/40 MP: 3/3
  1484 | D:2      | Noticed Natasha
  1494 | D:2      | Killed Natasha
  1544 | D:2      | Reached skill level 5 in Long Blades
  2141 | D:2      | Reached XP level 5. HP: 42/46 MP: 4/4
  2419 | D:3      | Reached XP level 6. HP: 33/52 MP: 5/5
  2507 | D:3      | Reached skill level 6 in Long Blades
  2510 | D:3      | Reached skill level 5 in Armour
  2990 | D:4      | Reached skill level 5 in Shields
  3057 | D:4      | Noticed an ice beast
  3067 | D:4      | Killed an ice beast
  3083 | D:4      | Found a staircase to the Ecumenical Temple.
  3093 | Temple   | Entered the Ecumenical Temple
  3325 | D:4      | Gained mutation: You are surrounded by a mild repulsion field. (EV +2) [potion of mutation]
  3325 | D:4      | Lost mutation: You are surrounded by a mild repulsion field. (EV +2) [potion of mutation]
  3325 | D:4      | Gained mutation: You are surrounded by a mild repulsion field. (EV +2) [potion of mutation]
  3328 | D:4      | Killed from afar by an orc priest

Skill      XL: |  1  2  3  4  5  6 |
---------------+-------------------+-----
Long Blades    | 3 4 5 6 |  6.5
Armour         | 4 5 |  5.2
Shields        | 4 5 |  5.1
Fighting       | 4 |  4.6

Action                   |  1- 3 |  4- 6 || total
-------------------------+-------+-------++-------
Melee: Long sword        |    61 |   192 ||   253
       Headbutt          |    10 |    31 ||    41
  Use: Potion            |     2 |     6 ||     8
       Scroll            |       |     9 ||     9
  Eat: Chunk             |       |     7 ||     7
Armor: Scale mail        |    21 |    62 ||    83
       Skin              |       |     1 ||     1
Dodge: Dodged            |    21 |    39 ||    60
Block: Shield            |    33 |   101 ||   134
       Rpst.: Long sword |     5 |    11 ||    16
